 Dungeon Crawl Stone Soup version 0.22.1-2-g9c5b331383 (webtiles) character file.

217 Gargoyl the Skirmisher (level 5, -2/46 HPs)
             Began as a Centaur Abyssal Knight on Dec 27, 2018.
             Was a Believer of Lugonu.
             Slain by an ogre
             ... wielding a +0 giant spiked club
              (23 damage)
             ... on level 4 of the Dungeon.
             The game lasted 00:04:00 (3025 turns).

Gargoyl the Skirmisher (Centaur Abyssal Knight)     Turns: 3025, Time: 00:04:00

Health: -2/46      AC:  4    Str: 14    XL:     5   Next: 62%
Magic:  7/7        EV:  9    Int: 11    God:    Lugonu [**....]
Gold:   261        SH:  0    Dex: 10    Spells: 4/4 levels left

rFire    . . .     SeeInvis .   a - +2 hand axe
rCold    . . .     Gourm    .   (no shield)
rNeg     . . .     Faith    .   k - +0 leather armour {rPois}
rPois    +         Spirit   .   (no helmet)
rElec    .         Reflect  .   (no cloak)
rCorr    .         Harm     .   (no gloves)
MR       .....                  (no barding)
Stlth    ..........             (no amulet)
HPRegen  0.15/turn              (no ring)
MPRegen  0.10/turn              (no ring)

@: very quick
A: large, hooves 3, deformed body, speed 2, tough skin 3
a: Depart the Abyss, Bend Space, Renounce Religion


You were on level 4 of the Dungeon.
You worshipped Lugonu.
Lugonu was pleased with you.
You were hungry.

You visited 1 branch of the dungeon, and saw 4 of its levels.
You visited the Abyss 1 time.

You collected 261 gold pieces.

Inventory:

Hand Weapons
 a - a +2 hand axe (weapon)
 f - a +0 hand crossbow of flaming
Armour
 k - a +0 leather armour of poison resistance (worn)
Scrolls
 b - a scroll of amnesia {unknown}
 j - 3 scrolls of remove curse
 l - 3 scrolls of teleportation
 p - 2 scrolls of identify
Potions
 d - a potion of flight {unknown}
 e - a potion of might {unknown}
 g - 2 potions of heal wounds
 h - a potion of mutation {unknown}
 m - a potion of curing {unknown}
 n - a potion of berserk rage {unknown}
 o - a potion of lignification {unknown}
 q - a potion of degeneration {unknown}
Comestibles
 c - 9 rations


   Skills:
 + Level 4.0 Fighting
 + Level 3.0 Axes
 * Level 2.4 Armour
 + Level 1.2 Dodging
 * Level 3.3 Invocations


You had 4 spell levels left.
You didn't know any spells.
Your spell library contained the following spells:

 Spells                   Type           Power        Failure   Level  Hunger
 Magic Dart               Conj           #...         41%         1    ##.....
 Blink                    Tloc           N/A          54%         2    ###....
 Call Imp                 Summ           #.......     54%         2    ###....
 Slow                     Hex            #.......     54%         2    ###....
 Conjure Flame            Conj/Fire      #.......     78%         3    ####...
 Mephitic Cloud           Conj/Pois/Air  #.......     78%         3    ####...


Dungeon Overview and Level Annotations

Branches:
Dungeon (4/15)
 Temple: D:4-7

Altars:
Qazlal


Innate Abilities, Weirdness & Mutations

You have hooves in place of feet.
Armour fits poorly on your strangely shaped body.
You cover ground very quickly.
You have extremely tough skin. (AC +3)


Message History

You feel slightly jumpy.
Oops, that ring feels deathly cold.
i - a cursed ring of teleportation (left hand)
As you read the scroll of remove curse, it crumbles to dust.
You feel as if something is helping you.
You remove your ring of teleportation.
You drop an uncursed ring of teleportation.
You hit the ogre.
The ogre is lightly wounded.
The ogre hits you with a giant spiked club!
You hit the ogre. You kick the ogre!
The ogre is heavily wounded.
The ogre hits you with a giant spiked club!
You slash the ogre!
The ogre is severely wounded.
The ogre hits you with a giant spiked club.
You hit the ogre but do no damage.
The ogre is severely wounded.
The ogre hits you with a giant spiked club!!
Ouch! That really hurt!
You die...

########.# #...#
.........# ##'##
.#######.# #.# ###
#####.# #.# #..
#.###.....#
##.###.#
#.........#
##...##.#
#####.#####
##..O..#.# #.#
#..........
#@######.###.###..
#=O......# #.# ###
########## #.# #.#
#.# #.# ###.#
##...##
###.....###


You could see an ogre.

Vanquished Creatures
  A scorpion (D:4)
  A hound (D:4)
  2 worker ants (D:4)
  A hound skeleton (D:4)
  3 adders
  A worm (D:2)
  A dart slug (D:1)
  4 leopard geckos
  2 ball pythons
  3 bats
  2 giant cockroaches
  4 hobgoblins
  3 frilled lizards
  4 goblins
  6 kobolds
  5 rats
43 creatures vanquished.

Notes
Turn   | Place    | Note
-------+----------+-------------------------------------------
     0 | Abyss:1  | Gargoyl the Centaur Abyssal Knight began the quest for the
                  | Orb.
     0 | Abyss:1  | Reached XP level 1. HP: 19/19 MP: 2/2
    20 | Abyss:1  | Noticed a smoke demon
    97 | Abyss:2  | Noticed a dire elephant simulacrum
   155 | Abyss:2  | Noticed a raiju
   156 | D:1      | Escaped the Abyss
   521 | D:1      | Reached XP level 2. HP: 21/26 MP: 3/3
   648 | D:1      | Reached * piety under Lugonu
  1196 | D:2      | Reached XP level 3. HP: 30/31 MP: 4/4
  1913 | D:3      | Found a stormy altar of Qazlal.
  2185 | D:3      | Reached XP level 4. HP: 39/40 MP: 6/6
  2466 | D:4      | Reached skill level 1 in Dodging
  2512 | D:4      | Reached XP level 5. HP: 44/46 MP: 7/7
  2628 | D:4      | Reached skill level 4 in Fighting
  2853 | D:4      | Reached ** piety under Lugonu
  3008 | D:4      | Noticed an ogre
  3025 | D:4      | Slain by an ogre

Skill      XL: |  1  2  3  4  5 |
---------------+----------------+-----
Axes           | 2 3 |  3.0
Armour         | 2 |  2.4
Dodging        | 1 |  1.2
Invocations    | 3 |  3.3
Fighting       | 4 |  4.0

Action                   |  1- 3 |  4- 6 || total
-------------------------+-------+-------++-------
Melee: Hand axe          |    83 |    49 ||   132
       Kick              |    16 |    10 ||    26
Invok: Depart the Abyss  |     1 |       ||     1
  Use: Scroll            |     7 |     2 ||     9
       Potion            |     2 |       ||     2
  Eat: Chunk             |     2 |     2 ||     4
Armor: Leather armour    |    30 |    10 ||    40
Dodge: Dodged            |    55 |    25 ||    80
